| TOP OF THE 1ST |
|
Kansas City Royals batting - Pitching for Seattle Mariners : RHP Larry Aubel
|
|
Pitching: RHP Larry Aubel
|
|
|
Batting: LHB Rick Manning
|
0-0: Ball 1-0: Called Strike 1-1: Foul Ball, location: 2F 1-2: Ball 2-2: Ball 3-2: Ground out 4-3 (Groundball, 4, EV 106.3 MPH)
|
|
Batting: RHB Rickey Henderson
|
0-0: Called Strike 0-1: Swinging Strike 0-2: SINGLE (Groundball, 25, EV 64.4 MPH) (infield hit)
|
|
Batting: RHB Jeffrey Leonard
|
0-0: Ball 1-0: Ball 2-0: Swinging Strike 2-1: Fly out, F6 (Popup, 6, EV 75.0 MPH)
|
|
Batting: LHB Alvin Davis
|
0-0: Called Strike 0-1: Foul Ball, location: 2F 0-2: Ball 1-2: Foul Ball, location: 2F 1-2: Ball 2-2: Ball 3-2: Ground out 1-3 (Groundball, 34S, EV 70.6 MPH)
|
| Top of the 1st over - 0 runs, 1 hit, 0 errors, 1 left on base; Kansas City 0 - Seattle 0 |
| BOTTOM OF THE 1ST |
|
Seattle Mariners batting - Pitching for Kansas City Royals : LHP Britt Burns
|
|
Pitching: LHP Britt Burns
|
|
|
Batting: SHB Miguel Dilone
|
0-0: Ball 1-0: Ball 2-0: Swinging Strike 2-1: Ground out 6-3 (Groundball, 56, EV 99.4 MPH)
|
|
Batting: LHB Jose Perales
|
0-0: Ball 1-0: Swinging Strike 1-1: Ball 2-1: Foul Ball, location: 2F 2-2: Ball 3-2: Ground out 4-3 (Groundball, 4M, EV 88.1 MPH)
|
|
Batting: RHB Robin Yount
|
0-0: Foul Ball, location: 2F 0-1: Ground out 5-3 (Groundball, 56, EV 88.1 MPH)
|
| Bottom of the 1st over - 0 runs, 0 hits, 0 errors, 0 left on base; Kansas City 0 - Seattle 0 |
| TOP OF THE 2ND |
|
Kansas City Royals batting - Pitching for Seattle Mariners : RHP Larry Aubel
|
|
Batting: RHB Gary Carter
|
0-0: Called Strike 0-1: Fly out, F6 (Popup, P, EV 82.5 MPH)
|
|
Batting: RHB Bob Horner
|
0-0: Fly out, F8 (Flyball, 8LS, EV 91.3 MPH)
|
|
Batting: LHB Gene Richards
|
0-0: Ball 1-0: Ground out 6-3 (Groundball, 6, EV 104.4 MPH)
|
| Top of the 2nd over - 0 runs, 0 hits, 0 errors, 0 left on base; Kansas City 0 - Seattle 0 |
| BOTTOM OF THE 2ND |
|
Seattle Mariners batting - Pitching for Kansas City Royals : LHP Britt Burns
|
|
Batting: LHB Don Mattingly
|
0-0: Fly out, F8 (Flyball, 8LD, EV 89.4 MPH)
|
|
Batting: LHB Chris Wynn
|
0-0: Reached on error, E2 (Groundball, 13S, EV 68.1 MPH)
|
|
Batting: RHB John Rabb
|
0-0: Called Strike 0-1: SINGLE (Line Drive, 7S, EV 101.3 MPH) Chris Wynn to second
|
|
Batting: RHB Ramon Estepa
|
0-0: Called Strike 0-1: Ball 1-1: Fly out, F7 (Flyball, 78XD, EV 105.0 MPH) Runner from 2nd tags up, SAFE at 3rd, no throw by LF
|
|
Batting: RHB Kurt Cunningham
|
0-0: Called Strike 0-1: Ground out 4-3 (Groundball, 4, EV 86.9 MPH)
|
| Bottom of the 2nd over - 0 runs, 1 hit, 1 error, 2 left on base; Kansas City 0 - Seattle 0 |
| TOP OF THE 3RD |
|
Kansas City Royals batting - Pitching for Seattle Mariners : RHP Larry Aubel
|
|
Batting: RHB Adrian Monrreal
|
0-0: Ground out U3 (Groundball, 34S, EV 73.8 MPH)
|
|
Batting: RHB Charlie O'Brien
|
0-0: Called Strike 0-1: Foul Ball, location: 2F 0-2: Ball 1-2: Ball 2-2: Ball 3-2: Strikes out looking
|
|
Batting: LHB Rick Manning
|
0-0: Ball 1-0: Ball 2-0: Swinging Strike 2-1: Ground out 3-1 (Groundball, 34S, EV 85.0 MPH)
|
| Top of the 3rd over - 0 runs, 0 hits, 0 errors, 0 left on base; Kansas City 0 - Seattle 0 |
| BOTTOM OF THE 3RD |
|
Seattle Mariners batting - Pitching for Kansas City Royals : LHP Britt Burns
|
|
Batting: LHB Ivan Flores
|
0-0: Ball 1-0: Ball 2-0: Foul Ball, location: 2F 2-1: Ball 3-1: Fly out, F9 (Flyball, 9S, EV 89.4 MPH)
|
|
Batting: SHB Miguel Dilone
|
0-0: Called Strike 0-1: Called Strike 0-2: Ball 1-2: Foul Ball, location: 2F 1-2: Foul Ball, location: 2F 1-2: Foul Ball, location: 2F 1-2: Ball 2-2: Ground out 6-3 (Groundball, 6, EV 105.0 MPH)
|
|
Batting: LHB Jose Perales
|
0-0: Ball 1-0: Called Strike 1-1: Ball 2-1: Foul Ball, location: 2F 2-2: Strikes out looking
|
| Bottom of the 3rd over - 0 runs, 0 hits, 0 errors, 0 left on base; Kansas City 0 - Seattle 0 |
| TOP OF THE 4TH |
|
Kansas City Royals batting - Pitching for Seattle Mariners : RHP Larry Aubel
|
|
Batting: RHB Rickey Henderson
|
0-0: Swinging Strike 0-1: Ball 1-1: Foul Ball, location: 2F 1-2: Foul Ball, location: 2F 1-2: Ball 2-2: Foul Ball, location: 2F 2-2: Ball 3-2: Foul Ball, location: 2F 3-2: Fly out, F8 (Flyball, 89S, EV 77.5 MPH)
|
|
Batting: RHB Jeffrey Leonard
|
0-0: Ball 1-0: SOLO HOME RUN (Flyball, 89XD, EV 105.0 MPH), Distance : 418 ft
|
|
Batting: LHB Alvin Davis
|
0-0: Called Strike 0-1: Ball 1-1: Foul Ball, location: 2F 1-2: Ball 2-2: Ball 3-2: Strikes out looking
|
|
Batting: RHB Gary Carter
|
0-0: Called Strike 0-1: Ball 1-1: Called Strike 1-2: Strikes out swinging
|
| Top of the 4th over - 1 run, 1 hit, 0 errors, 0 left on base; Kansas City 1 - Seattle 0 |
| BOTTOM OF THE 4TH |
|
Seattle Mariners batting - Pitching for Kansas City Royals : LHP Britt Burns
|
|
Batting: RHB Robin Yount
|
0-0: Called Strike 0-1: Fly out, F7 (Flyball, 7S, EV 92.5 MPH)
|
|
Batting: LHB Don Mattingly
|
0-0: Foul Ball, location: 2F 0-1: Swinging Strike 0-2: Foul Ball, location: 2F 0-2: Strikes out swinging
|
|
Batting: LHB Chris Wynn
|
0-0: SINGLE (Flyball, 6MD, EV 87.5 MPH)
|
|
Batting: RHB John Rabb
|
0-0: Swinging Strike 0-1: Ball 1-1: Ball 2-1: Swinging Strike 2-2: Ball 3-2: Base on Balls Chris Wynn to second
|
|
Batting: RHB Ramon Estepa
|
0-0: SINGLE (Groundball, 4S, EV 66.9 MPH) (infield hit) Chris Wynn to third John Rabb to second
|
|
Batting: RHB Kurt Cunningham
|
0-0: Foul Ball, location: 2F 0-1: Ground out U3 (Groundball, 34, EV 91.3 MPH)
|
| Bottom of the 4th over - 0 runs, 2 hits, 0 errors, 3 left on base; Kansas City 1 - Seattle 0 |
| TOP OF THE 5TH |
|
Kansas City Royals batting - Pitching for Seattle Mariners : RHP Larry Aubel
|
|
Batting: RHB Bob Horner
|
0-0: Called Strike 0-1: Called Strike 0-2: Ball 1-2: Ball 2-2: Ball 3-2: Foul Ball, location: 2F 3-2: Fly out, F9 (Flyball, 9, EV 85.0 MPH)
|
|
Batting: LHB Gene Richards
|
0-0: Ball 1-0: Called Strike 1-1: Ball 2-1: Ball 3-1: Foul Ball, location: 2F 3-2: Hit by Pitch
|
|
Batting: RHB Adrian Monrreal
|
0-0: Ball 1-0: Ball Gene Richards steals 2nd base 2-0: Ball 3-0: Called Strike 3-1: Foul Ball, location: 2F 3-2: Ground out 5-3 (Groundball, 25, EV 86.3 MPH)
|
|
Batting: RHB Charlie O'Brien
|
0-0: Foul Ball, location: 2F 0-1: Swinging Strike 0-2: Strikes out swinging
|
| Top of the 5th over - 0 runs, 0 hits, 0 errors, 1 left on base; Kansas City 1 - Seattle 0 |
| BOTTOM OF THE 5TH |
|
Seattle Mariners batting - Pitching for Kansas City Royals : LHP Britt Burns
|
|
Batting: LHB Ivan Flores
|
0-0: Ball 1-0: Ground out 6-3 (Groundball, 6S, EV 85.0 MPH)
|
|
Batting: SHB Miguel Dilone
|
0-0: Swinging Strike 0-1: Ground out 5-3 (Groundball, 5L, EV 95.6 MPH)
|
|
Batting: LHB Jose Perales
|
0-0: Ball 1-0: Ball 2-0: Ball 3-0: Base on Balls
|
|
Batting: RHB Robin Yount
|
0-0: Ball 1-0: Fly out, F6 (Line Drive, 6, EV 70.0 MPH)
|
| Bottom of the 5th over - 0 runs, 0 hits, 0 errors, 1 left on base; Kansas City 1 - Seattle 0 |
| TOP OF THE 6TH |
|
Kansas City Royals batting - Pitching for Seattle Mariners : RHP Larry Aubel
|
|
Batting: LHB Rick Manning
|
0-0: Ball 1-0: SINGLE (Line Drive, 6D, EV 95.0 MPH)
|
|
Batting: RHB Rickey Henderson
|
0-0: Ball 1-0: Ball 2-0: Called Strike 2-1: Called Strike Rick Manning steals 2nd base (no throw) 2-2: Foul Ball, location: 2F 2-2: SINGLE (Groundball, 6MD, EV 98.1 MPH) Rick Manning to third Runner from 3rd tries for Home, throw by CF and OUT! 8-2
|
|
Batting: RHB Jeffrey Leonard
|
0-0: Called Strike Rickey Henderson steals 2nd base 0-1: Ball 1-1: Ball 2-1: Fly out, F9 (Flyball, 9S, EV 93.1 MPH)
|
|
Batting: LHB Alvin Davis
|
0-0: Called Strike 0-1: Fly out, F9 (Flyball, 89XD, EV 102.5 MPH)
|
| Top of the 6th over - 0 runs, 2 hits, 0 errors, 1 left on base; Kansas City 1 - Seattle 0 |
| BOTTOM OF THE 6TH |
|
Seattle Mariners batting - Pitching for Kansas City Royals : LHP Britt Burns
|
|
Batting: LHB Don Mattingly
|
0-0: Foul Ball, location: 2F 0-1: Ball 1-1: Swinging Strike 1-2: Foul Ball, location: 2F 1-2: Ball 2-2: DOUBLE (Line Drive, 7LD, EV 100.6 MPH)
|
|
Batting: LHB Chris Wynn
|
0-0: Ground out 6-3 (Groundball, 56, EV 80.0 MPH)
|
|
Batting: RHB John Rabb
|
0-0: Foul Ball, location: 2F 0-1: Ball 1-1: Ball 2-1: Called Strike 2-2: Foul Ball, location: 2F 2-2: 2-RUN HOME RUN (Flyball, 78XD, EV 100.0 MPH), Distance : 411 ft
|
|
Batting: RHB Ramon Estepa
|
0-0: Foul Ball, location: 2F 0-1: Ball 1-1: Reached on error, E6 (Groundball, 6, EV 93.8 MPH)
|
|
Batting: RHB Kurt Cunningham
|
0-0: Called Strike 0-1: Ball 1-1: Ball 2-1: Fielders Choice at 2nd, 4-6 (Groundball, 4, EV 105.0 MPH)
|
|
Batting: LHB Ivan Flores
|
0-0: Foul Ball, location: 2F 0-1: Ball 1-1: Fly out, F8 (Flyball, 8LS, EV 81.3 MPH)
|
| Bottom of the 6th over - 2 runs, 2 hits, 1 error, 1 left on base; Kansas City 1 - Seattle 2 |
| TOP OF THE 7TH |
|
Kansas City Royals batting - Pitching for Seattle Mariners : RHP Larry Aubel
|
|
Batting: RHB Gary Carter
|
0-0: Foul Ball, location: 2F 0-1: Fly out, F9 (Line Drive, 9D, EV 87.5 MPH)
|
|
Batting: RHB Bob Horner
|
0-0: Ball 1-0: Reached on error, E3 (Groundball, 34, EV 77.5 MPH)
|
|
Pitching: LHP Rich Rodas
|
|
|
Batting: LHB Gene Richards
|
0-0: Called Strike 0-1: Swinging Strike 0-2: Strikes out swinging
|
|
Batting: RHB Adrian Monrreal
|
0-0: Fly out, F8 (Flyball, 8LD, EV 88.1 MPH)
|
| Top of the 7th over - 0 runs, 0 hits, 1 error, 1 left on base; Kansas City 1 - Seattle 2 |
| BOTTOM OF THE 7TH |
|
Seattle Mariners batting - Pitching for Kansas City Royals : LHP Britt Burns
|
|
Pitching: RHP Orel Hershiser
|
|
|
Batting: SHB Miguel Dilone
|
0-0: Foul Ball, location: 2F 0-1: Ground out 6-3 (Groundball, 6S, EV 86.3 MPH)
|
|
Batting: LHB Jose Perales
|
0-0: Ball 1-0: Swinging Strike 1-1: Foul Ball, location: 2F 1-2: Foul Ball, location: 2F 1-2: Strikes out looking
|
|
Batting: RHB Robin Yount
|
0-0: Ground out 3-1 (Groundball, 34S, EV 83.8 MPH)
|
| Bottom of the 7th over - 0 runs, 0 hits, 0 errors, 0 left on base; Kansas City 1 - Seattle 2 |
| TOP OF THE 8TH |
|
Kansas City Royals batting - Pitching for Seattle Mariners : LHP Rich Rodas
|
|
Pitching: RHP Nick Bowditch
|
|
|
Batting: RHB Charlie O'Brien
|
0-0: Foul Ball, location: 2F 0-1: Swinging Strike 0-2: Foul Ball, location: 2F 0-2: Strikes out swinging
|
|
Batting: LHB Rick Manning
|
0-0: Ball 1-0: Swinging Strike 1-1: Ball 2-1: Foul Ball, location: 2F 2-2: Ball 3-2: SINGLE (Line Drive, 8RS, EV 101.3 MPH)
|
|
Batting: RHB Rickey Henderson
|
0-0: Ball 1-0: Called Strike 1-1: SINGLE (Groundball, 25, EV 66.3 MPH) (infield hit) Rick Manning to second
|
|
Batting: RHB Jeffrey Leonard
|
0-0: Called Strike 0-1: Foul Ball, location: 2F 0-2: Ball 1-2: Fielders Choice at 2nd, 2-4 (Groundball, 15S, EV 63.8 MPH) Rick Manning to third
|
|
Batting: LHB Alvin Davis
|
0-0: Swinging Strike 0-1: Ball 1-1: Ball 2-1: Foul Ball, location: 2F 2-2: Ball 3-2: Foul Ball, location: 2F 3-2: SINGLE (Line Drive, 4M, EV 97.5 MPH) Rick Manning scores Jeffrey Leonard to second Jeffrey Leonard to third
|
|
Pitching: RHP Tommy Boggs
|
|
|
Batting: RHB Gary Carter
|
0-0: Fly out, F9 (Flyball, 9, EV 88.8 MPH)
|
| Top of the 8th over - 1 run, 3 hits, 0 errors, 2 left on base; Kansas City 2 - Seattle 2 |
| BOTTOM OF THE 8TH |
|
Seattle Mariners batting - Pitching for Kansas City Royals : RHP Orel Hershiser
|
|
Batting: LHB Don Mattingly
|
0-0: Called Strike 0-1: Ball 1-1: SINGLE (Groundball, 4D, EV 105.0 MPH)
|
|
Batting: LHB Chris Wynn
|
0-0: Foul Ball, location: 2F 0-1: Foul Ball, location: 2F 0-2: Ball 1-2: Ball 2-2: Ball 3-2: Base on Balls Don Mattingly to second
|
|
Batting: RHB John Rabb
|
0-0: Called Strike 0-1: Grounds into double play, 6-4-3 (Groundball, 56, EV 100.0 MPH) Don Mattingly to third
|
|
Batting: RHB Ramon Estepa
|
0-0: Ball 1-0: Foul Ball, location: 2F 1-1: Ball 2-1: Called Strike 2-2: Strikes out looking
|
| Bottom of the 8th over - 0 runs, 1 hit, 0 errors, 1 left on base; Kansas City 2 - Seattle 2 |
| TOP OF THE 9TH |
|
Kansas City Royals batting - Pitching for Seattle Mariners : RHP Tommy Boggs
|
|
Batting: RHB Bob Horner
|
0-0: Called Strike 0-1: SOLO HOME RUN (Flyball, 7LD, EV 108.1 MPH), Distance : 357 ft
|
|
Batting: LHB Gene Richards
|
0-0: Foul Ball, location: 2F 0-1: Fly out, F8 (Line Drive, 8LD, EV 105.6 MPH)
|
|
Batting: RHB Adrian Monrreal
|
0-0: Ball 1-0: Ground out 6-3 (Groundball, 56, EV 86.3 MPH)
|
|
Batting: RHB Charlie O'Brien
|
0-0: Called Strike 0-1: Swinging Strike 0-2: Ball 1-2: Ball 2-2: Ball 3-2: Strikes out swinging
|
| Top of the 9th over - 1 run, 1 hit, 0 errors, 0 left on base; Kansas City 3 - Seattle 2 |
| BOTTOM OF THE 9TH |
|
Seattle Mariners batting - Pitching for Kansas City Royals : RHP Orel Hershiser
|
|
Now at 2B: Alberto Gonzalez
|
|
|
Now in LF: Kerry Dineen
|
|
|
Pinch Hitting: LHB Mike Stenhouse
|
0-0: Ball 1-0: Foul Ball, location: 2F 1-1: Called Strike 1-2: Ball 2-2: SINGLE (Groundball, 34D, EV 104.4 MPH)
|
|
Pitching: RHP Sandy Wihtol
|
|
|
Batting: LHB Ivan Flores
|
0-0: Ball 1-0: Bunted foul 1-1: Ball 2-1: Sac Bunt to 13S - play at first, batter OUT! 1-4 Mike Stenhouse to second
|
|
Batting: SHB Miguel Dilone
|
0-0: Ball 1-0: Ground out 4-3 (Groundball, 4, EV 103.1 MPH) Mike Stenhouse to third
|
|
Batting: LHB Jose Perales
|
0-0: Ball 1-0: Ball 2-0: Ball 3-0: Called Strike 3-1: Called Strike 3-2: Base on Balls
|
|
Batting: RHB Robin Yount
|
0-0: Foul Ball, location: 2F 0-1: Ball 1-1: Fly out, F9 (Flyball, 9S, EV 88.1 MPH)
|
| Bottom of the 9th over - 0 runs, 1 hit, 0 errors, 2 left on base; Kansas City 3 - Seattle 2 |
|